 Dungeon Crawl Stone Soup version 0.19.1-1-g22dce08 (webtiles) character file.

284566 kae the Executioner (level 20, -2/187 HPs)
             Began as a Hill Orc Fighter on Dec 30, 2016.
             Was the Champion of Beogh.
             Slain by a yaktaur (6 damage)
             ... led by a vault warden
             ... on level 4 of the Vaults.
             The game lasted 01:11:57 (40597 turns).

kae the Executioner (Hill Orc Fighter)             Turns: 40597, Time: 01:11:58

Health: -2/187     AC: 36    Str: 31    XL:     20   Next: 59%
Magic:  42/42      EV: 13    Int:  8    God:    Beogh [******]
Gold:   3060       SH:  0    Dex: 15    Spells: 0 memorised, 19 levels left

rFire  . . .     SeeInvis .     b - +7 battleaxe "Gannoeh" {chop, *Rage rC+ MP+9}
rCold  + . .     Gourm    .     G - +1 crystal plate armour
rNeg   . . .     Faith    .     (shield currently unavailable)
rPois  +         Spirit   .     W - +2 hat {MR+}
rElec  .         Reflect  .     H - +0 cloak of Complete Protection {-Cast +Blink Dex+5} (curse)
rCorr  .         Harm     .     y - +2 pair of gloves {Str+3}
MR     ++...     Rnd*Rage +     E - +2 pair of boots
Stlth  .......... NoCast   +    R - amulet of regeneration
                                h - ring of poison resistance
                                X - +2 ring of slaying

@: lethally poisoned (-2 -> -13), exhausted, slowed, very slow
A: walk on water, antennae 1, talons 1
a: Smiting, Recall Orcish Followers, Give Item to Named Follower, Resurrection,
Renounce Religion, Evoke Blink
}: 2/15 runes: decaying, gossamer


You were on level 4 of the Vaults.
You worshipped Beogh.
Beogh was exalted by your worship.
You were very hungry.

You visited 6 branches of the dungeon, and saw 35 of its levels.
You also visited: Labyrinth, Sewer, Ossuary and Ice Cave.

You collected 3927 gold pieces.
You spent 867 gold pieces at shops.

Inventory:

Hand Weapons
 b - the +7 battleaxe "Gannoeh" (weapon) {chop, *Rage rC+ MP+9}
   (You took it off Eustachio on level 4 of the Dungeon)

   It inflicts extra damage upon your enemies.
   It protects you from cold.
   It affects your magic capacity (+9).
   It may make you go berserk in combat.
 u - a +0 demon trident of pain
 A - a +0 great mace of protection
Armour
 y - a +2 pair of gloves of strength (worn)
 E - a +2 pair of boots (worn)
 G - a +1 crystal plate armour (worn)
 H - the cursed +0 cloak of Complete Protection (worn) {-Cast +Blink Dex+5}
   (You bought it in a shop on level 1 of the Orcish Mines)

   It affects your dexterity (+5).
   It lets you blink.
   It prevents spellcasting.
   It has a curse placed upon it.
 W - a +2 hat of magic resistance (worn)
Jewellery
 h - a ring of poison resistance (right hand)
 j - an uncursed ring of see invisible
 n - an uncursed amulet of guardian spirit
 Q - an uncursed ring of ice
 R - an amulet of regeneration (around neck)
 X - a +2 ring of slaying (left hand)
Wands
 c - a wand of slowing (17/48)
 I - a wand of teleportation (1/9)
 M - a wand of digging (12/24)
 O - a wand of heal wounds (6/9)
Scrolls
 d - 9 scrolls of blinking
 e - 2 scrolls of summoning
 f - 11 scrolls of magic mapping
 g - 5 scrolls of fear
 i - a scroll of enchant armour
 m - 3 scrolls of fog
 p - 16 scrolls of teleportation
 q - 9 scrolls of remove curse
 r - 6 scrolls of amnesia
 x - 6 scrolls of recharging
 B - 2 scrolls of silence
 T - 10 scrolls of identify
Potions
 k - 2 potions of haste
 o - 6 potions of ambrosia
 s - 11 potions of curing
 t - a potion of cure mutation
 w - 2 potions of heal wounds
 C - a potion of brilliance
 F - 4 potions of cancellation
 J - 4 potions of resistance
 L - 4 potions of might
 S - 6 potions of berserk rage
 Z - 4 potions of agility
Books
 K - a book of Party Tricks

   Spells                             Type                      Level
   a - Summon Butterflies             Summoning                    1
   b - Apportation                    Translocation                1
   c - Lesser Beckoning               Translocation                3
   d - Tukima's Dance                 Hexes                        3
   e - Alistair's Intoxication        Transmutation/Poison         5
   f - Invisibility                   Hexes                        6
 N - a book of Annihilations

   Spells                             Type                      Level
   a - Poison Arrow                   Conjuration/Poison           6
   b - Chain Lightning                Conjuration/Air              8
   c - Lehudib's Crystal Spear        Conjuration/Earth            8
   d - Glaciate                       Conjuration/Ice              9
   e - Fire Storm                     Conjuration/Fire             9
Comestibles
 a - 6 meat rations
 l - 31 fruits
 v - a slice of pizza
 z - 18 bread rations
 D - 3 beef jerkies
 P - a royal jelly


   Skills:
 + Level 17.7 Fighting
 * Level 25.3 Axes
 + Level 16.6 Armour
 + Level 11.7 Dodging
   Level 3.2 Shields
 - Level 18.0 Invocations


You had 19 spell levels left.
You didn't know any spells.

Dungeon Overview and Level Annotations

Branches:
Dungeon (15/15)            Temple (0/1) D:5            Lair (6/6) D:10
  Swamp (4/4) Lair:4       Spider (4/4) Lair:2        Slime (0/5) Lair:5
    Orc (2/2) D:10            Elf (0/3) Orc:2        Vaults (4/5) D:13
  Crypt (0/3) Vaults:2     Depths (0/5) D:15

Altars:
Cheibriados
Dithmenos
Elyvilon
Gozag
Hepliaklqana
Makhleb
Nemelex Xobeh
Okawaru
Qazlal
Ru
Trog
Yredelemnul
The Shining One
Jiyva

Shops:
D:10 [   Orc:1 [   Orc:2 [*=[(   Vaults:1 :   Vaults:3 ?


Innate Abilities, Weirdness & Mutations

You can walk on water.
You have a pair of small antennae on your head.
You have sharp toenails.


Message History

The vault sentinel blows a loud note on a signal horn!
The yaktaur barely misses you.
You hear a shout!
You hit the vault warden but do no damage.
The vault warden is moderately wounded.
You hit the yaktaur. You slash the yaktaur!
You feel very sick.
The vault warden hits you with a great mace!!
* * * LOW HITPOINT WARNING * * *
The vault warden activates a sealing rune.
The yaktaur hits you but does no damage. x2
You feel much better.
You feel very sick.
The vault warden hits you with a great mace!
* * * LOW HITPOINT WARNING * * *
The vault warden activates a sealing rune.
The death knight hits you from afar with a glaive!
* * * LOW HITPOINT WARNING * * *
The yaktaur barely misses you. The yaktaur hits you.
You die...

....#>..#..>#....# #....#
....#...#...#....# #....#
....##..#..##....#....... #....#
.....#.....#.....#.........#....#
.....#.....#....(#.$.......#...[#
.....#######.....#....^....#....#
.................#.........#.....
...............c)#{........#...(.
............c.pp@#oo(......#...(.
####..........pc)+oo)......#.)((.
#..##+######.p#{o.......#.((†# #.
{{ #..###########))))# # #.c#
#.)).# #..# #....# #..# #....#
#W.# #....# ## #..# #....#


You could see 2 vault wardens, a death knight, a yaktaur captain, a vault
sentinel, a phantasmal warrior and 3 yaktaurs.

Vanquished Creatures
  Boris (Vaults:2)
  the Lernaean hydra (Swamp:4)
  Arachne (Spider:4)
  Rupert (Lair:4)
  An Ice Fiend (IceCv)
  Asterion (Vaults:2)
  Gastronok (Lair:2)
  A sphinx (Vaults:4)
  Frances (D:14)
  A storm dragon (Vaults:4)
  Roxanne (Swamp:4)
  5 vault wardens
  A fire giant (Vaults:4)
  A frost giant (Vaults:4)
  2 deep elf sorcerers (Vaults:3)
  2 ghost moths
  3 emperor scorpions
  10 ironheart preservers
  An entropy weaver (Vaults:3)
  A very ugly thing (Vaults:4)
  A deep elf demonologist (Vaults:3)
  The ghost of sose the Grappler, a journeyman TrEE of Cheibriados (D:13)
  An ettin (Vaults:2)
  2 deep elf death magi
  2 fire dragons (Vaults:1)
  Josephine (Lair:4)
  A minotaur (Lab)
  Fannar (Lair:2)
  A great orb of eyes (Vaults:3)
  11 yaktaur captains
  Harold (D:10)
  6 ogre magi
  Erolcha (D:9)
  4 vault guards
  3 rakshasas
  13 hydras
  2 ice dragons (Vaults:3)
  10 centaur warriors
  2 ghost crabs (Swamp:3)
  A merfolk avatar (Lair:6)
  7 alligators
  Erica (D:10)
  2 tengu warriors (D:15)
  A deep troll shaman (Vaults:3)
  An orc high priest (Orc:2)
  A deep elf knight (Vaults:4)
  A shadow wraith (Vaults:3)
  4 spriggan druids
  9 skeletal warriors
  2 flayed ghosts
  3 deep elf archers
  10 deep trolls
  A shambling mangrove (Swamp:1)
  An unseen horror (D:15)
  A glowing orange brain (Vaults:3)
  9 swamp dragons
  4 wizards
  An orange crystal statue (Vaults:3)
  6 harpies
  10 hill giants
  5 ironbrand convokers
  An orc knight (Vaults:3)
  Pikel (D:4)
  A phantasmal warrior (Vaults:4)
  5 orb spiders
  19 wolf spiders
  5 deep elf magi
  A tengu skeleton (Vaults:2)
  19 ugly things
  7 cyclopes
  An orc sorcerer (Orc:2)
  3 manticores
  2 moths of wrath
  A fire giant skeleton (Vaults:2)
  A frost giant skeleton (Vaults:2)
  10 elephants
  A spriggan zombie (D:15)
  An eye of devastation (shapeshifter) (Vaults:2)
  12 vault sentinels
  4 black mambas
  An ice statue (IceCv)
  Psyche (D:10)
  3 centaur skeletons
  3 rime drakes
  23 spiny frogs
  38 yaktaurs
  6 komodo dragons
  The ghost of Paps the Shield-Bearer, a novice GrFi of Gozag (D:5)
  6 freezing wraiths
  17 demonic crawlers
  2 orc skeletons (Vaults:2)
  A guardian mummy (D:15)
  7 ice devils (IceCv)
  A yaktaur (shapeshifter) (Vaults:3)
  8 anaconda simulacra (IceCv)
  A golden dragon simulacrum (IceCv)
  A queen bee (shapeshifter) (Vaults:1)
  4 polar bears
  6 human skeletons (Vaults:2)
  A wind drake (Lair:6)
  10 jumping spiders
  6 tyrant leeches
  15 hornets
  2 trolls
  4 bog bodies
  23 slime creatures
  10 blink frogs
  A two-headed ogre (shapeshifter) (Vaults:2)
  15 two-headed ogres
  8 hippogriffs
  An ettin skeleton (Vaults:2)
  A dire elephant simulacrum (IceCv)
  17 redbacks
  7 wyverns
  7 wraiths
  A redback (shapeshifter) (Vaults:4)
  10 tarantellas
  8 spriggans
  A tarantella (shapeshifter) (Vaults:1)
  6 shadows
  Eustachio (D:4)
  4 basilisks
  32 yaks
  Grum (D:8)
  24 vampire mosquitoes
  12 humans (D:13)
  A death yak simulacrum (IceCv)
  2 hogs (D:14)
  3 hungry ghosts
  2 iron troll simulacra (IceCv)
  Menkaure (D:4)
  3 harpy simulacra
  3 wargs
  A mottled dragon (Vaults:2)
  2 soldier ants
  9 swamp worms
  20 insubstantial wisps
  11 water moccasins
  A deep troll skeleton (Vaults:2)
  A hell hound (shapeshifter) (Vaults:4)
  11 orc warriors
  4 hydra simulacra (IceCv)
  A hornet zombie (D:7)
  10 porcupines
  5 ice beasts
  7 swamp drakes
  An eye of draining (D:10)
  2 slaves (D:4)
  A necrophage (D:13)
  3 black bears
  5 phantoms
  5 sky beasts
  An ettin simulacrum (IceCv)
  12 wolves
  29 ogres
  4 boggarts (Vaults:2)
  16 centaurs
  A big kobold (D:10)
  8 crocodiles
  12 bullfrogs
  2 elf zombies (D:10)
  A gnoll sergeant (D:8)
  An earth elemental (Lab)
  An elf skeleton (D:10)
  6 scorpions
  2 troll zombies (D:10)
  5 wights (D:14)
  6 howler monkeys
  3 crimson imps
  2 centaur zombies
  2 human simulacra
  A quasit (D:13)
  3 draconian simulacra (IceCv)
  7 hounds
  A gnoll shaman (D:10)
  10 orc priests
  4 jellies
  21 orc wizards
  2 spriggan simulacra (IceCv)
  A polar bear simulacrum (IceCv)
  3 hell rats (D:10)
  5 worker ants
  A troll simulacrum (IceCv)
  A big kobold zombie (Ossuary)
  A centaur simulacrum (IceCv)
  An ogre zombie (D:10)
  A hound skeleton (D:4)
  13 mummies
  A worker ant zombie (D:9)
  12 gnolls
  11 adders
  2 naga simulacra (IceCv)
  2 ogre simulacra (IceCv)
  2 river rats
  2 shadow imps (D:13)
  6 white imps (IceCv)
  9 ufetubi (IceCv)
  5 oozes
  4 worms
  2 dart slugs (D:1)
  6 leopard geckos
  52 orcs
  4 giant cockroaches
  A gnoll zombie (Ossuary)
  11 goblins
  3 hobgoblins
  14 jackals
  15 kobolds
  3 quokkas
  4 ball pythons
  8 bats
  6 frilled lizards
  3 hobgoblin zombies (Ossuary)
  2 kobold zombies (Ossuary)
  2 orc zombies
  A quokka skeleton (D:5)
  17 rats
  2 fungi
  4 plants
  A withered plant (D:15)
1157 creatures vanquished.

Vanquished Creatures (collateral kills)
  Nikola (Spider:4)
  Kirke (D:14)
  A fire giant (Vaults:4)
  4 vault wardens
  3 emperor scorpions (Spider:4)
  A ghost moth (Spider:4)
  A stone giant (Vaults:2)
  4 ironheart preservers
  A very ugly thing (Vaults:4)
  The ghost of Iwannabefree the Carver, a journeyman HEIE of Ashenzari (Orc:2)
  2 entropy weavers
  A deep elf annihilator (Vaults:4)
  Nessos (Lair:4)
  3 orc knights (Swamp:4)
  2 yaktaur captains
  A great orb of eyes (Vaults:3)
  2 fire dragons
  An ice dragon (Vaults:2)
  4 vault guards
  7 hydras
  An orc high priest (Swamp:3)
  2 ogre magi (Vaults:1)
  A centaur warrior (Vaults:3)
  An alligator (Swamp:2)
  2 deep troll earth magi
  Nergalle (Lair:2)
  2 skeletal warriors
  A shadow wraith (Vaults:3)
  2 ironbrand convokers
  2 swamp dragons
  A deep troll (Vaults:1)
  3 deep elf archers
  A hill giant (Vaults:1)
  2 wizards
  A necromancer (D:15)
  6 orb spiders
  A harpy (Vaults:2)
  7 wolf spiders
  A salamander (shapeshifter) (Vaults:1)
  14 ugly things
  An orc sorcerer (Orc:2)
  2 deep elf magi
  2 cyclopes
  A moth of wrath (Spider:2)
  An elephant (Lair:6)
  A frost giant zombie (D:15)
  A frost giant skeleton (D:15)
  A black mamba (Lair:4)
  A guardian serpent (shapeshifter) (Vaults:1)
  2 vault sentinels (Vaults:1)
  A centaur skeleton (D:13)
  5 spiny frogs
  10 yaktaurs
  A freezing wraith (Vaults:4)
  8 demonic crawlers
  A tengu conjurer (D:15)
  3 rime drakes
  4 tyrant leeches
  12 jumping spiders
  9 hornets
  3 blink frogs
  A polar bear (Lair:6)
  A troll (D:12)
  4 bog bodies
  5 two-headed ogres
  6 slime creatures
  A fire dragon zombie (D:15)
  A shadow (Swamp:1)
  A tarantella (shapeshifter) (Vaults:1)
  15 redbacks
  A basilisk (Lair:5)
  7 tarantellas
  5 humans (D:13)
  4 spriggans
  7 yaks
  3 hogs (D:14)
  5 vampire mosquitoes
  6 swamp worms
  2 porcupines
  2 swamp drakes (Swamp:4)
  An ice beast (D:12)
  4 orc warriors
  6 centaurs
  2 ogres (Vaults:1)
  5 wolves
  3 crocodiles
  A human zombie (D:10)
  6 orc priests
  9 orc wizards
  10 orcs
  2 bushes (D:15)
  A withered plant (D:15)
291 creatures vanquished.

Vanquished Creatures (others)
  12 orc knights
  2 orc high priests
  A death drake (Spider:4)
  4 orc sorcerers
  A human (D:13)
  12 orc warriors
  11 orc priests
  19 orc wizards
  36 orcs
  5 fungi
  3 plants
106 creatures vanquished.

Grand Total: 1554 creatures vanquished

Notes
Turn   | Place    | Note
-------+----------+-------------------------------------------
     0 | D:1      | kae the Hill Orc Fighter began the quest for the Orb.
     0 | D:1      | Reached XP level 1. HP: 19/19 MP: 1/1
   104 | D:1      | Reached skill level 3 in Axes
   121 | D:1      | Reached XP level 2. HP: 15/27 MP: 2/2
   385 | D:1      | Reached XP level 3. HP: 32/33 MP: 3/3
  1176 | D:2      | Found a glowing golden altar of the Shining One.
  1325 | D:2      | Reached skill level 4 in Axes
  1434 | D:2      | Reached XP level 4. HP: 37/41 MP: 4/4
  1715 | D:3      | Found a faded altar of an unknown god.
  1976 | D:3      | Reached XP level 5. HP: 30/47 MP: 5/5
  2065 | D:3      | Reached skill level 5 in Axes
  2391 | D:3      | Found a glowing drain.
  2412 | Sewer    | Entered a sewer
  2538 | Sewer    | Noticed a crocodile
  2549 | Sewer    | Killed a crocodile
  2549 | Sewer    | Reached skill level 5 in Fighting
  2549 | Sewer    | Reached XP level 6. HP: 29/56 MP: 6/6
  2694 | D:4      | Noticed a slave
  2694 | D:4      | Noticed a slave
  2695 | D:4      | Noticed Pikel
  2697 | D:4      | Noticed a slave
  2698 | D:4      | Noticed a slave
  2928 | D:4      | Reached skill level 6 in Axes
  2955 | D:4      | Noticed Eustachio
  3002 | D:3      | Reached skill level 5 in Armour
  3158 | D:4      | Reached XP level 7. HP: 61/61 MP: 7/7
  3196 | D:4      | HP: 1/61 [white imp/puff of frost[Eustachio] (7)]
  3666 | D:4      | Noticed Menkaure
  3733 | D:4      | Reached skill level 7 in Axes
  3787 | D:4      | Killed Pikel
  3787 | D:4      | Reached skill level 8 in Axes
  3787 | D:4      | Reached XP level 8. HP: 20/71 MP: 8/8
  4040 | D:4      | Killed Eustachio
  4256 | D:4      | Found a white marble altar of Elyvilon.
  4304 | D:4      | Got an encrusted battleaxe {chop}
  4310 | D:4      | Identified the +7 battleaxe "Gannoeh" {chop, *Rage rC+ MP+9} (You took it off Eustachio on level 4 of the Dungeon)
  4322 | D:4      | Reached skill level 9 in Axes
  4515 | D:4      | Killed Menkaure
  4822 | D:5      | Entered Level 5 of the Dungeon
  4900 | D:5      | Found a staircase to the Ecumenical Temple.
  4976 | D:5      | Reached skill level 10 in Axes
  5047 | D:5      | Noticed Paps's ghost (novice GrFi)
  5188 | D:5      | Found a burning altar of Makhleb.
  5251 | D:5      | Killed Paps's ghost
  5251 | D:5      | Reached XP level 9. HP: 63/80 MP: 9/9
  5800 | D:6      | Gained mutation: You have a pair of small antennae on your head. [potion of beneficial mutation]
  5843 | D:6      | Found a sacrificial altar of Ru.
  5976 | D:6      | Reached skill level 11 in Axes
  6354 | D:6      | Found a shadowy altar of Dithmenos.
  6690 | D:6      | Found a basalt altar of Yredelemnul.
  6691 | D:6      | Found a bloodstained altar of Trog.
  6744 | D:7      | Became a worshipper of Beogh the Brigand
  7038 | D:7      | Reached skill level 12 in Axes
  7071 | D:7      | Found a sand-covered staircase.
  7077 | Ossuary  | Entered an ossuary
  7116 | Ossuary  | Reached * piety under Beogh
  7526 | D:7      | Found a hazy altar of Hepliaklqana.
  7535 | D:7      | Reached XP level 10. HP: 91/91 MP: 10/10
  8114 | D:8      | Reached skill level 13 in Axes
  8150 | D:8      | Noticed Grum
  8160 | D:8      | Killed Grum
  8577 | D:8      | Reached ** piety under Beogh
  8590 | D:8      | Found a sacrificial altar of Ru.
  8639 | D:8      | Found an opulent altar of Gozag.
  8640 | D:8      | Found a sparkling altar of Nemelex Xobeh.
  8867 | D:9      | Identified a scroll of acquirement
  8911 | D:9      | Reached skill level 14 in Axes
  8986 | D:9      | Reached skill level 10 in Fighting
  9013 | D:9      | Noticed Erolcha
  9022 | D:9      | Killed Erolcha
  9213 | D:9      | Found a snail-covered altar of Cheibriados.
  9258 | D:9      | Found a stormy altar of Qazlal.
  9444 | D:9      | You fall through a shaft for 2 floors!
  9449 | D:11     | Reached XP level 11. HP: 97/101 MP: 11/11
  9471 | D:10     | Entered Level 10 of the Dungeon
  9483 | D:10     | Found Ruimp's Armour Boutique.
  9525 | D:10     | Noticed Harold
  9537 | D:10     | Killed Harold
  9537 | D:10     | Reached skill level 15 in Axes
  9554 | D:10     | Reached *** piety under Beogh
  9699 | D:10     | Noticed Erica
  9706 | D:10     | Killed Erica
  9798 | D:10     | Found a staircase to the Orcish Mines.
  9999 | D:10     | Noticed a hill giant
 10004 | D:10     | Killed a hill giant
 10014 | D:10     | Reached skill level 10 in Armour
 10016 | D:10     | Noticed Psyche
 10020 | D:10     | Killed Psyche
 10245 | D:10     | Found a staircase to the Lair.
 10483 | D:10     | Found a basalt altar of Yredelemnul.
 10495 | D:10     | Reached skill level 16 in Axes
 10553 | D:10     | Reached **** piety under Beogh
 10939 | D:11     | Noticed a skeletal warrior
 10940 | D:11     | Noticed a skeletal warrior
 10941 | D:11     | Noticed a skeletal warrior
 10941 | D:11     | Noticed a skeletal warrior
 10942 | D:11     | Noticed a skeletal warrior
 10949 | D:11     | Killed a skeletal warrior
 11077 | D:10     | Noticed a hill giant
 11082 | D:10     | Killed a hill giant
 11153 | Lair:1   | Entered Level 1 of the Lair of Beasts
 11165 | D:10     | Reached XP level 12. HP: 111/111 MP: 12/12
 11222 | D:11     | Identified the Incunabulum of Axaxaxas mlö
 11278 | D:11     | Reached skill level 17 in Axes
 11460 | D:11     | Identified Huqism's Tome of Sand
 11467 | D:11     | Identified Ts'ui Pên's Papyrus of Forking Paths
 11483 | D:11     | Reached ***** piety under Beogh
 11524 | D:11     | Paralysed by a hornet for 2 turns
 12589 | Lair:1   | Gained Dorog as an ally
 12933 | Lair:2   | Noticed Nergalle
 12939 | Lair:2   | Killed Nergalle
 12939 | Lair:2   | Reached skill level 18 in Axes
 13033 | Lair:2   | Noticed a six-headed hydra
 13040 | Lair:2   | Your ally Dorog died
 13045 | Lair:2   | Killed a six-headed hydra
 13045 | Lair:2   | Gained Orgrim as an ally
 13048 | Lair:2   | Noticed Fannar
 13067 | Lair:2   | Killed Fannar
 13137 | Lair:2   | Noticed Gastronok
 13149 | Lair:2   | Killed Gastronok
 13149 | Lair:2   | Reached XP level 13. HP: 119/119 MP: 13/13
 13286 | Lair:2   | Found a hole to the Spider Nest.
 14368 | Lair:3   | Reached skill level 19 in Axes
 14863 | Lair:4   | Noticed Rupert
 14879 | Lair:4   | HP: 6/122 [Rupert/battleaxe of chopping (8)]
 14880 | Lair:4   | Killed Rupert
 15275 | Lair:4   | Found a labyrinth entrance.
 15279 | Lair:4   | Noticed Nessos
 15289 | Lab      | Entered a labyrinth
 16334 | Lab      | Noticed a minotaur
 16342 | Lab      | Killed a minotaur
 16374 | Lab      | Got an ichor-stained glaive
 16519 | Lab      | Identified the +7 glaive of Senithoi {chop, +Blink} (You found it in a labyrinth)
 16529 | Lab      | Got a crude leather armour
 16548 | Lair:4   | Killed Nessos
 16588 | Lair:4   | Your ally Orgrim died
 17331 | Lair:4   | Noticed Josephine
 17344 | Lair:4   | Killed Josephine
 17504 | Lair:4   | Got an ebony mace
 17826 | Lair:4   | Found a staircase to the Swamp.
 18542 | Lair:5   | Reached skill level 20 in Axes
 18689 | Lair:5   | Found a viscous altar of Jiyva.
 18689 | Lair:5   | Found a staircase to the Slime Pits.
 18785 | Lair:5   | Gained Norbak as an ally
 19098 | Lair:5   | Reached XP level 14. HP: 117/132 MP: 14/14
 19628 | Lair:6   | Entered Level 6 of the Lair of Beasts
 19875 | Lair:6   | Identified the +1 leather armour of Omission {Dex+3} (You found it in a labyrinth)
 20491 | Lair:6   | Reached skill level 21 in Axes
 21561 | Orc:1    | Entered Level 1 of the Orcish Mines
 21643 | Orc:2    | Entered Level 2 of the Orcish Mines
 21720 | Orc:2    | Reached ****** piety under Beogh
 21729 | Orc:2    | Paralysed by an orc sorcerer for 4 turns
 21757 | Orc:2    | Gained Gorbash as an ally
 21798 | Orc:2    | Found Vickam's Jewellery Shop.
 21798 | Orc:2    | Found Ylud's Weapon Boutique.
 21822 | Orc:2    | Found Kedolis's Assorted Antiques.
 21826 | Orc:2    | Found Wynaez's Armour Boutique.
 21837 | Orc:2    | Bought a buckler for 180 gold pieces
 21837 | Orc:2    | Bought a scroll labeled MAYZOJU ZIJEDU for 40 gold pieces
 21837 | Orc:2    | Bought a scroll labeled MAYZOJU ZIJEDU for 40 gold pieces
 21837 | Orc:2    | Bought a scroll labeled PYATZUXOSE for 40 gold pieces
 21837 | Orc:2    | Bought a scroll of identify for 80 gold pieces
 21846 | Orc:2    | Bought a cursed -2 ring of intelligence for 26 gold pieces
 21846 | Orc:2    | Bought a cursed -3 ring of protection for 26 gold pieces
 21873 | Orc:2    | Noticed Iwannabefree's ghost (journeyman HEIE)
 21890 | Orc:2    | Gained Bogdar as an ally
 21896 | Orc:2    | Killed Iwannabefree's ghost
 22033 | Orc:2    | Found Xenymues's Armour Boutique.
 22042 | Orc:2    | Bought a +1 pair of gloves of strength for 198 gold pieces
 22230 | Orc:2    | Found a staircase to the Elven Halls.
 22239 | Orc:2    | Found an iron altar of Okawaru.
 22625 | Orc:1    | Reached skill level 1 in Invocations
 22809 | Orc:1    | Found Befoz's Antique Armour Shop.
 22812 | Orc:1    | Bought a steaming cloak for 237 gold pieces
 22907 | Orc:1    | Identified the cursed +0 cloak of Complete Protection {-Cast +Blink Dex+5} (You bought it in a shop on level 1 of the Orcish Mines)
 23459 | D:12     | Reached skill level 1 in Dodging
 24018 | D:12     | Reached skill level 5 in Invocations
 24290 | D:13     | Noticed sose's ghost (journeyman TrEE)
 24300 | D:13     | Killed sose's ghost
 24327 | D:13     | Reached XP level 15. HP: 110/139 MP: 19/19
 24458 | D:13     | Gained Hilgar as an ally
 24461 | D:13     | Gained Grimold as an ally
 24520 | D:13     | Found an iron altar of Okawaru.
 24823 | D:13     | Your ally Hilgar died
 24950 | D:13     | Your ally Grimold died
 24994 | D:13     | Found a gate to the Vaults.
 25316 | D:14     | Noticed Frances
 25327 | D:14     | Killed Frances
 25418 | D:14     | Noticed Kirke
 25430 | D:14     | Killed Kirke
 25430 | D:14     | Reached skill level 10 in Invocations
 25651 | D:14     | Your ally Norbak died
 25652 | D:14     | Gained Bolgrim as an ally
 25879 | D:15     | Entered Level 15 of the Dungeon
 26090 | D:15     | Reached skill level 5 in Dodging
 26153 | D:15     | Found a staircase to the Depths.
 26263 | D:15     | Paralysed by an ogre mage for 2 turns
 27030 | Lair:2   | Reached XP level 16. HP: 147/147 MP: 25/25
 27172 | Spider:1 | Entered Level 1 of the Spider Nest
 27989 | Spider:2 | Found a frozen archway.
 28022 | IceCv    | Entered an ice cave
 28330 | IceCv    | Reached skill level 15 in Invocations
 28633 | IceCv    | Noticed an Ice Fiend
 28666 | IceCv    | Killed an Ice Fiend
 29530 | Spider:3 | Gained Borgoth as an ally
 29894 | Spider:4 | Entered Level 4 of the Spider Nest
 29940 | Spider:4 | Noticed Arachne
 29956 | Spider:4 | Killed Arachne
 30127 | Spider:4 | Noticed Nikola
 30139 | Spider:4 | HP: 5/147 [Nikola/chain lightning (33)]
 30146 | Spider:4 | Killed Nikola
 30146 | Spider:4 | Reached XP level 17. HP: 43/154 MP: 29/29
 30151 | Spider:4 | Gained Wulfoc as an ally
 30216 | Spider:4 | Your ally Borgoth died
 30295 | Spider:4 | Gained Syrus as an ally
 30728 | Spider:4 | Got a gossamer rune of Zot
 31242 | Lair:1   | Gained mutation: You have sharp toenails. [potion of beneficial mutation]
 31315 | Swamp:1  | Entered Level 1 of the Swamp
 32199 | Swamp:2  | Reached skill level 15 in Fighting
 32966 | Swamp:2  | Reached skill level 22 in Axes
 33469 | Swamp:3  | Gained Ortolf as an ally
 34096 | Swamp:4  | Entered Level 4 of the Swamp
 34247 | Swamp:4  | Reached XP level 18. HP: 136/163 MP: 31/31
 34269 | Swamp:4  | Noticed the 27-headed Lernaean hydra
 34284 | Swamp:4  | Your ally Wulfoc died
 34289 | Swamp:4  | Killed the 26-headed Lernaean hydra
 34327 | Swamp:4  | Your ally Bogdar died
 34417 | Swamp:4  | Got a decaying rune of Zot
 34510 | Swamp:4  | Noticed Roxanne
 34521 | Swamp:4  | Killed Roxanne
 35120 | Vaults:1 | Entered Level 1 of the Vaults
 35154 | Vaults:1 | Reached skill level 10 in Dodging
 35510 | Vaults:1 | Reached skill level 23 in Axes
 35526 | Vaults:1 | Reached skill level 15 in Armour
 36379 | Vaults:1 | Found Sunyla's Book Shop.
 36626 | Vaults:2 | Noticed Asterion
 36639 | Vaults:2 | Killed Asterion
 36639 | Vaults:2 | Reached XP level 19. HP: 173/173 MP: 32/32
 36916 | Vaults:2 | Your ally Ortolf died
 37592 | Vaults:2 | Found a staircase to the Crypt.
 37732 | Vaults:2 | Noticed Boris
 37737 | Vaults:2 | Paralysed by a hornet for 2 turns
 37749 | Vaults:2 | Killed Boris
 37749 | Vaults:2 | Reached skill level 24 in Axes
 38227 | Vaults:3 | Found Rofogodd's Magic Scroll Shop.
 38375 | Vaults:3 | Gained Bogbarth as an ally
 38812 | Vaults:3 | Noticed an Ice Fiend
 38820 | Vaults:3 | Reached XP level 20. HP: 45/184 MP: 33/33
 39764 | Vaults:4 | Your ally Bogbarth died
 39919 | Vaults:4 | Reached skill level 25 in Axes
 40597 | Vaults:4 | HP: 4/187 [death knight/glaive (10)]
 40597 | Vaults:4 | Slain by a yaktaur

Skill      XL: |  1  2  3  4  5  6  7  8  9 10 11 12 13 14 15 16 17 18 19 20 |
---------------+-------------------------------------------------------------+-----
Axes           | 3 4 5 6 8 10 12 14 16 18 20 21 22 23 24 25 | 25.3
Fighting       | 4 5 6 7 9 10 11 12 14 15 16 17 | 17.7
Armour         | 4 5 7 8 9 10 11 13 14 15 16 | 16.6
Invocations    | 6 13 17 18 | 18.0
Dodging        | 2 5 8 9 10 11 | 11.7
Shields        | |  3.2

Action                   |  1- 3 |  4- 6 |  7- 9 | 10-12 | 13-15 | 16-18 | 19-21 || total
-------------------------+-------+-------+-------+-------+-------+-------+-------++-------
Melee: War axe           |   134 |   197 |    97 |       |       |       |       ||   428
       Battleaxe         |       |       |   164 |   411 |   762 |  1013 |   544 ||  2894
       Unarmed           |       |       |       |       |     4 |       |       ||     4
Invok: Convert to Beogh  |       |       |     1 |       |       |       |       ||     1
       Smiting           |       |       |       |       |     7 |     4 |     1 ||    12
       Give Item to Name |       |       |       |       |     5 |     3 |       ||     8
       Recall Orcish Fol |       |       |       |       |     2 |    13 |     2 ||    17
       Stop Recall       |       |       |       |       |     1 |     1 |       ||     2
Evoke: Wand              |       |       |       |       |     5 |       |       ||     5
  Use: Potion            |     1 |     3 |     4 |       |     7 |     5 |     1 ||    21
       Scroll            |     4 |     6 |    12 |     1 |    29 |     8 |     2 ||    62
 Stab: Invisible         |       |     5 |       |       |       |    16 |       ||    21
       Confused          |       |     1 |       |       |       |       |       ||     1
       Distracted        |       |       |       |     2 |     3 |     6 |     4 ||    15
       Held in net/web   |       |       |       |       |     1 |       |       ||     1
       Paralysed         |       |       |       |       |     2 |       |       ||     2
  Eat: Chunk             |     2 |     5 |     9 |    20 |    34 |    10 |    13 ||    93
       Fruit             |       |       |     1 |     1 |     3 |     6 |       ||    11
       Bread ration      |       |       |     1 |       |     1 |     1 |       ||     3
       Pizza             |       |       |       |       |     1 |     2 |       ||     3
       Royal jelly       |       |       |       |       |     1 |       |       ||     1
       Meat ration       |       |       |       |       |       |     2 |       ||     2
Armor: Scale mail        |    71 |   116 |   127 |   134 |    75 |       |       ||   523
       Skin              |       |       |     5 |       |       |       |       ||     5
       Chain mail        |       |       |       |       |    81 |       |       ||    81
       Crystal plate arm |       |       |       |       |   224 |   886 |   334 ||  1444
Dodge: Dodged            |    48 |    76 |   117 |   137 |   345 |   667 |   197 ||  1587
Block: Shield            |    74 |   138 |    64 |       |       |       |       ||   276
       Other             |       |       |     7 |    57 |    45 |       |       ||   109
       Reflection        |       |       |     1 |     1 |     2 |       |       ||     4
